 Dungeon Crawl Stone Soup version 0.22-a0-430-g6609fc6 (webtiles) character file.

49 inmateoo the Skirmisher (level 3, -3/33 HPs)
             Began as a Minotaur Air Elementalist on May 26, 2018.
             Killed from afar by Jessica (10 damage)
             ... with a wand of flame (25)
             ... on level 2 of the Dungeon.
             The game lasted 00:01:47 (1996 turns).

inmateoo the Skirmisher (Minotaur Air Elementalist) Turns: 1996, Time: 00:01:49

Health: -3/33      AC:  8    Str: 13    XL:     3   Next: 53%
Magic:  4/4        EV:  6    Int: 12    God:
Gold:   42         SH:  0    Dex: 10    Spells: 3/4 levels left

rFire    . . .     SeeInvis .   b - +1 dagger (drain)
rCold    . . .     Gourm    .   (no shield)
rNeg     . . .     Faith    .   f - +0 chain mail
rPois    .         Spirit   .   (helmet restricted)
rElec    .         Reflect  .   (no cloak)
rCorr    .         Harm     .   (no gloves)
MR       .....                  (no boots)
Stlth    ..........             (no amulet)
HPRegen  0.11/turn              (no ring)
MPRegen  0.09/turn              (no ring)

@: drained
A: retaliatory headbutt, horns 2
a: no special abilities


You were on level 2 of the Dungeon.
You were not hungry.

You visited 1 branch of the dungeon, and saw 2 of its levels.

You collected 42 gold pieces.

Inventory:

Hand Weapons
 b - a +1 dagger of draining (weapon)
Armour
 f - a +0 chain mail (worn)
Scrolls
 a - a scroll of identify
Potions
 d - a potion of brilliance {unknown}
 e - a potion of heal wounds {unknown}
Comestibles
 c - 3 rations
 g - 3 chunks of flesh


   Skills:
 + Level 4.0(3.5) Fighting
 - Level 2.1(1.7) Dodging
 - Level 1.5(1.1) Stealth
 - Level 1.3(0.9) Spellcasting
 - Level 0.6(0.2) Conjurations
 - Level 2.1(1.7) Air Magic


You had 3 spell levels left.
You knew the following spells:

 Your Spells              Type           Power        Failure   Level  Hunger
a - Shock                 Conj/Air       #...         100%        1    ##.....

Your spell library contained the following spells:

 Spells                   Type           Power        Failure   Level  Hunger
 Lightning Bolt           Conj/Air       #.........   100%        5    ######.
 Swiftness                Chrm/Air       #.......     100%        2    ###....
 Airstrike                Air            #.........   100%        4    #####..
 Static Discharge         Conj/Air       #.......     100%        3    ####...


Dungeon Overview and Level Annotations

Branches:
Dungeon (2/15)

Altars:

Annotations:
D:2 Jessica, Terence


Innate Abilities, Weirdness & Mutations

You reflexively headbutt those who attack you in melee.
You have a pair of horns on your head.


Message History

Unknown command.
You see here a jackal corpse.
Jessica zaps a wand.
The puff of flame hits you!
Things that are here:
a club; a jackal corpse; a hobgoblin corpse Jessica zaps a wand.
The puff of flame hits you!
You aren't carrying any items that you can evoke.
Unknown command.
Jessica gestures wildly while chanting.
Jessica blinks!
Jessica zaps a wand.
The puff of flame hits you!
Jessica zaps a wand.
The puff of flame misses you. Jessica casts a spell at you.
Pain shoots through your body!
Jessica zaps a wand.
The puff of flame hits you!
* * * LOW HITPOINT WARNING * * *
Jessica mumbles some strange words.
Jessica blinks!
Jessica zaps a wand.
The puff of flame hits you!
You die...

#########†## ..
#@.# #.#
##)#####.##
#..##....#
##@##....#
#..#....# #
##.#....# #
#.#....# #
#§.##@## # #.#
##.##.# #######.#
#..#.# ##......#
##.#.# ##...##.#
#.@.# ........#
##..#
##...##.#######..#
##...##.##....#..#
##............'.>#


You could see Jessica.

Vanquished Creatures
  An adder (D:2)
  2 oozes (D:2)
  A ball python (D:2)
  3 goblins (D:1)
  4 hobgoblins
  8 jackals
  3 kobolds (D:1)
  3 bats
  A frilled lizard (D:2)
  A rat (D:1)
27 creatures vanquished.

Notes
Turn   | Place    | Note
-------+----------+-------------------------------------------
     0 | D:1      | inmateoo the Minotaur Air Elementalist began the quest for the Orb.
     0 | D:1      | Reached XP level 1. HP: 14/14 MP: 1/1
    98 | D:1      | Reached skill level 1 in Fighting
   428 | D:1      | Reached skill level 2 in Fighting
   428 | D:1      | Reached XP level 2. HP: 14/24 MP: 3/3
  1033 | D:2      | Reached skill level 3 in Fighting
  1432 | D:2      | Noticed Jessica
  1711 | D:2      | Reached XP level 3. HP: 31/31 MP: 4/4
  1974 | D:2      | Noticed Terence
  1980 | D:2      | Reached skill level 4 in Fighting
  1996 | D:2      | Killed from afar by Jessica

Vault maps used:
D:1:      saegor_arrival_simple_d
D:2:      grunt_gozag_breadcrumbs, uniq_jessica, uniq_terence

Skill      XL: |  1  2  3 |
---------------+----------+-----
Fighting       | 2 3 4 |  4.0
Dodging        | |  2.1
Stealth        | |  1.5
Spellcasting   | |  1.3
Conjurations   | |  0.6
Air Magic      | |  2.1

Action                   || total
-------------------------++-------
Melee: Unarmed           ||    76
       Headbutt          ||    16
       Dagger            ||    48
  Use: Scroll            ||     5
 Stab: Sleeping          ||     1
  Eat: Chunk             ||     3
Armor: Robe              ||    10
       Chain mail        ||    27
Dodge: Dodged            ||    85

Table legend:
 A = Spawn XP
 B = Non-spawn XP
 C = Spawn XP percentage of total XP
 D = Spawn monster count
 E = Non-spawn monster count
 F = Spawn count percentage of total count
 G = Total turns spent on level
                    A         B        C        D         E        F      G
               +---------+---------+-------+---------+---------+-------+---------
         Total |       0 |      71 |   0.0 |       0 |      27 |   0.0 |  1996
               +---------+---------+-------+---------+---------+-------+---------
           D:1 |       0 |      28 |   0.0 |       0 |      15 |   0.0 |  1517
           D:2 |       0 |      43 |   0.0 |       0 |      12 |   0.0 |   479
               +---------+---------+-------+---------+---------+-------+---------
